 Dungeon Crawl Stone Soup version 0.31-a0-1499-ge0622b2318 (webtiles) character file.

Game seed: 10287649465386282122

26503 jlumianski the Martial Artist (level 13, -2/101 HPs)
             Began as a Gnoll Shapeshifter on Dec 30, 2023.
             Was a High Priest of Wu Jian.
             Killed from afar by an oklob plant (26 damage)
             ... with a splash of acid
             ... on level 1 of the Lair of Beasts.
             The game lasted 01:21:33 (18114 turns).

jlumianski the Martial Artist (Gnoll Shapeshifter) Turns: 18114, Time: 01:21:34

Health: -2/101     AC:  0    Str: 13    XL:     13   Next: 26%
Magic:  24/25      EV: 21    Int: 12    God:    Wu Jian [*****.]
Gold:   1693       SH:  0    Dex: 15    Spells: 8/29 levels left

rFire   . .          .
                       - Unarmed
rCold   . . .        (shield currently unavailable)
rNeg    . . .        k - melded +0 scale mail
rPois   +            i - +1 helmet
rElec   .            v - +0 cloak
rCorr   .            (no gloves)
SInv    +            x - +2 pair of boots
Will    .....        (no amulet)
Stlth   ++           s - ring of poison resistance
HPRegen 0.36/turn    t - ring of see invisible
MPRegen 0.19/turn

%: no passive effects
@: exhausted, flux-form, corroded, glowing, inugami summoned
A: glow, contaminating, fangs 1, strong nose, distributed training
a: Begin Untransformation, Renounce Religion, Wall Jump, Serpent's Lash,
Heavenly Storm


You were on level 1 of the Lair of Beasts.
You worshipped Wu Jian.
Wu Jian was extremely pleased with you.
You were something dangerously unstable.
You visited 2 branches of the dungeon, and saw 15 of its levels.
You also visited: Sewer.

You collected 2029 gold pieces.
You spent 336 gold pieces at shops.

Inventory:

Armour
 i - a +1 helmet (worn)
 k - a +0 scale mail (melded)
 v - a +0 cloak (worn)
 x - a +2 pair of boots (worn)
Jewellery
 a - a +6 ring of dexterity
 g - an amulet of faith
 j - a ring of willpower
 l - a ring of magical power
 s - a ring of poison resistance (left hand)
 t - a ring of see invisible (right hand)
Talismans
 d - a flux talisman (active)
 n - the serpent talisman of Qazlal's Castigation {rElec rF+++ Will-}
   (You found it on level 9 of the Dungeon)

   [serpent talisman]

   rF+++:     It renders you almost immune to fire.
   rElec:     It insulates you from electricity.
   Will-:     It decreases your willpower.
Wands
 m - a wand of charming (14)
 u - a wand of flame (55)
 z - a wand of roots (3)
 Q - a wand of quicksilver (7)
Scrolls
 c - a scroll of fear
 e - 4 scrolls of silence
 f - 6 scrolls of poison
 h - 2 scrolls of summoning
 o - a scroll of vulnerability
 p - 4 scrolls of teleportation
 B - a scroll of enchant armour
 F - a scroll of fog
Potions
 b - 3 potions of lignification
 q - 3 potions of enlightenment
 r - a potion of curing
 w - 2 potions of ambrosia
 H - 3 potions of might
 K - a potion of attraction
 P - 2 potions of berserk rage
 R - a potion of resistance {unknown}


   Skills:
 + Level 9.1 Fighting
 + Level 8.7 Short Blades
 + Level 8.7 Long Blades
 + Level 8.7 Axes
 + Level 8.7 Maces & Flails
 + Level 8.7 Polearms
 + Level 8.7 Staves
 + Level 8.7 Ranged Weapons
 + Level 8.7 Throwing
 + Level 8.7 Armour
 + Level 9.9 Dodging
 + Level 8.7 Stealth
 + Level 8.7 Shields
 + Level 10.9 Unarmed Combat
 + Level 8.7 Spellcasting
 + Level 7.2 Conjurations
 + Level 7.2 Hexes
 + Level 7.2 Summonings
 + Level 7.2 Necromancy
 + Level 7.2 Translocations
 + Level 7.2 Fire Magic
 + Level 7.2 Ice Magic
 + Level 7.2 Air Magic
 + Level 7.2 Earth Magic
 + Level 7.2 Alchemy
 + Level 9.5 Invocations
 + Level 8.7 Evocations
 + Level 10.3 Shapeshifting


You had 8 spell levels left.
You knew the following spells:

 Your Spells              Type           Power      Damage    Failure   Level
a - Searing Ray           Conj           44%        2d6       1%          2
b - Sting                 Conj/Alch      88%        1d8       1%          1
c - Call Canine Familiar  Summ           22%        N/A       1%          3
d - Tukima's Dance        Hex            22%        N/A       1%          3
e - Dazzling Flash        Conj/Hex       44%        N/A       1%          3
f - Ensorcelled Hibernat  Hex/Ice        44%        N/A       1%          2
g - Anguish               Hex/Necr       11%        N/A       7%          4
h - Confusing Touch       Hex            22%        N/A       1%          3

Your spell library contained the following spells:

 Spells                   Type           Power      Damage    Failure   Level
 Apportation              Tloc           44%        N/A       1%          1
 Magic Dart               Conj           88%        1d7       1%          1
 Necrotise                Necr           88%        1d8       1%          1
 Slow                     Hex            88%        N/A       1%          1
 Summon Small Mammal      Summ           88%        N/A       1%          1
 Cigotuvi's Dreadful Rot  Necr/Alch/Air  44%        N/A       1%          2
 Fugue of the Fallen      Necr           22%        N/A       1%          3
 Gell's Gravitas          Tloc           22%        N/A       1%          3
 Sigil of Binding         Hex            22%        N/A       1%          3
 Teleport Other           Tloc           22%        N/A       1%          3
 Vampiric Draining        Necr           22%        2d7       1%          3
 Dimensional Bullseye     Hex/Tloc       11%        N/A       7%          4
 Fulminant Prism          Conj/Alch      11%        3d8       7%          4
 Ignite Poison            Fire/Alch      22%        N/A       7%          4
 Iskenderun's Mystic Bla  Conj/Tloc      22%        2d6       7%          4
 Leda's Liquefaction      Alch/Erth      11%        N/A       7%          4
 Freezing Cloud           Conj/Ice/Air   11%        6-21      19%         5
 Lee's Rapid Deconstruct  Erth           11%        3d8*      19%         5
 Bombard                  Conj/Erth      11%        9d3       71%         6
 Dispersal                Tloc           11%        N/A       71%         6


Dungeon Overview and Level Annotations

Branches:
Dungeon (13/15)            Temple (0/1) D:4            Lair (2/5) D:8
    Orc (0/2) D:9           Sewer (visited)
  Swamp: Lair:2-3    Shoals: Lair:2-3     Snake: Lair:2-3    Spider: Lair:2-3
 Vaults: D:13-14

Altars:
Cheibriados
Dithmenos
Fedhas
Gozag
Hepliaklqana
Kikubaaqudgha
Makhleb
Nemelex Xobeh
Okawaru
Qazlal
Ru
Trog
Uskayaw
Vehumet
Wu Jian
Xom
Yredelemnul

Shops:
D:5 ?

Annotations:
D:2 1 runed translucent door, Crazy Yiuf
Lair:1 2 transporters, exclusion: oklob plant, Qunnilesm's ghost, journeyman DgDe


Innate Abilities, Weirdness & Mutations

You are something dangerously unstable.
You glow with magical radiation, making you easy to see and hit.
Foes you strike become dangerously contaminated with magical radiation.
You are incapable of wielding weapons or throwing items.
You have very sharp teeth.
Your uncanny sense of smell can sniff out nearby items.
Your experience applies equally to all skills.


Message History

The oklob plant shudders as magic cascades through it.
The oklob plant twists and deforms.
You bite the oklob plant.
The oklob plant is severely damaged.
Your inugami hits the oklob plant. You hit the oklob plant.
The oklob plant begins to glow.
The oklob plant is severely damaged.
The oklob plant spits acid at you. The splash of acid hits you!
Your inugami hits the oklob plant! You hit the oklob plant.
The oklob plant glows dangerously bright.
The oklob plant is almost destroyed.
The oklob plant spits acid at you. The splash of acid hits you!
* * * LOW HITPOINT WARNING * * *
The acid corrodes you!
Okay, then.
Your muscles tense, ready for explosive movement...
You hit the oklob plant but do no damage.
The oklob plant shudders as magic cascades through it!
You destroy the oklob plant!
The Council accepts your kill.
You swap places.
You lunge with incredible momentum at the oklob plant, in a flurry of attacks.
You punch the oklob plant!
The oklob plant begins to glow.
The oklob plant is lightly damaged.
You hit the oklob plant but do no damage.
The oklob plant glows dangerously bright.
You bite the oklob plant, but do no damage.
The oklob plant is lightly damaged.
Your supernatural speed expires.
You hit the oklob plant.
The oklob plant shudders as magic cascades through it!!
The oklob plant twists and deforms.
The oklob plant is almost destroyed.
You spin and attack the oklob plant.
You hit the oklob plant.
The oklob plant begins to glow.
The oklob plant is almost destroyed.
The oklob plant spits acid at you. The splash of acid hits you!!
You die...

#.#.##.#
##.#
#...##.#
#.#
#.###.#
##.##
#####..#
##...###
.###..##
#......#
.....##
##P°.###
.#####
#%°.# ##
#!h.#
#pP)#
#####


You could see an oklob plant (contam, misshapen, ally target) and a friendly
inugami (summoned).

Vanquished Creatures
  Erolcha (D:9)
  Erica (D:8)
  A boulder beetle (D:11)
  A centaur warrior (D:11)
  A two-headed ogre (D:11)
  Amaemon (D:8)
  Pikel (D:8)
  A deep elf pyromancer (D:8)
  3 cyclopes
  Maurice (D:7)
  An oklob plant (Lair:1)
  3 spectral centaurs (D:12)
  2 centaur zombies (D:12)
  2 centaur skeletons (D:12)
  An orange demon (D:8)
  A kobold demonologist (D:11)
  3 cane toads
  A rime drake (Lair:1)
  Jeremiah (D:8)
  2 komodo dragons
  2 unseen horrors
  Psyche (D:8)
  A troll (D:10)
  A spectral black mamba (D:12)
  A centaur simulacrum (D:12)
  2 shadows
  A wraith (D:11)
  2 wyverns
  5 yaks (D:11)
  A hog (shapeshifter) (D:9)
  The ghost of grandjackal the Chopper, an amateur DsGl (D:6)
  Grum (D:8)
  3 steam dragons
  A vampire mosquito (D:12)
  2 acid dragons
  10 orc warriors
  2 water moccasins
  A sky beast (D:7)
  4 black bears
  2 ogres
  4 wolves (D:8)
  A centaur (D:9)
  A lemure (D:8)
  3 kobold brigands
  7 weeping skulls (D:12)
  2 brain worms (Sewer)
  5 bullfrogs
  3 gnoll sergeants
  3 scorpions
  4 wights
  12 killer bees
  3 electric eels
  9 howler monkeys
  2 jellies
  12 hounds
  A bombardier beetle (D:4)
  8 orc priests
  4 gnoll boudas
  Jessica (D:2)
  4 iguanas
  3 sleepcaps
  18 orc wizards
  Terence (D:1)
  7 hell rats
  Robin (D:2)
  29 gnolls
  6 adders
  5 river rats (Sewer)
  2 white imps
  3 ufetubi
  3 dart slugs
  52 orcs
  8 ball pythons
  8 bats
  3 endoplasms
  3 giant cockroaches
  12 goblins
  17 hobgoblins
  7 jackals
  13 kobolds
  3 quokkas (D:1)
  6 frilled lizards
  12 rats
384 creatures vanquished.

Vanquished Creatures (collateral kills)
  Prince Ribbit (D:7)
  A yak (D:11)
  A black bear (D:6)
  A kobold brigand (D:6)
  A scorpion (D:6)
  An orc priest (D:7)
  3 gnoll boudas
  3 gnolls
  An ufetubus (D:7)
  8 orcs
  4 kobolds (D:8)
25 creatures vanquished.

Grand Total: 409 creatures vanquished

Notes
Turn   | Place    | Note
-------+----------+-------------------------------------------
     0 | D:1      | jlumianski the Gnoll Shapeshifter began the quest for the
                  | Orb.
     0 | D:1      | Reached XP level 1. HP: 17/17 MP: 1/1
    70 | D:2      | Noticed Terence
   152 | D:1      | Reached XP level 2. HP: 23/23 MP: 2/2
   497 | D:1      | Reached XP level 3. HP: 19/28 MP: 3/3
   772 | D:1      | Found a faded altar of an unknown god.
   863 | D:1      | Reached skill level 1 in Invocations
  1159 | D:1      | Killed Terence
  1160 | D:1      | Reached skill level 1 in Short Blades
  1160 | D:1      | Reached skill level 1 in Long Blades
  1160 | D:1      | Reached skill level 1 in Axes
  1160 | D:1      | Reached skill level 1 in Maces & Flails
  1160 | D:1      | Reached skill level 1 in Polearms
  1160 | D:1      | Reached skill level 1 in Staves
  1160 | D:1      | Reached skill level 1 in Ranged Weapons
  1160 | D:1      | Reached skill level 1 in Throwing
  1160 | D:1      | Reached skill level 1 in Armour
  1160 | D:1      | Reached skill level 1 in Stealth
  1160 | D:1      | Reached skill level 1 in Shields
  1160 | D:1      | Reached skill level 1 in Spellcasting
  1160 | D:1      | Reached skill level 1 in Evocations
  1160 | D:1      | Reached XP level 4. HP: 22/34 MP: 5/5
  1435 | D:2      | Found a runed translucent door.
  1436 | D:2      | Noticed Crazy Yiuf
  1456 | D:2      | Noticed Jessica
  1467 | D:2      | Killed Jessica
  1468 | D:2      | Reached skill level 1 in Conjurations
  1468 | D:2      | Reached skill level 1 in Hexes
  1468 | D:2      | Reached skill level 1 in Summonings
  1468 | D:2      | Reached skill level 1 in Necromancy
  1468 | D:2      | Reached skill level 1 in Translocations
  1468 | D:2      | Reached skill level 1 in Fire Magic
  1468 | D:2      | Reached skill level 1 in Ice Magic
  1468 | D:2      | Reached skill level 1 in Air Magic
  1468 | D:2      | Reached skill level 1 in Earth Magic
  1468 | D:2      | Reached skill level 1 in Alchemy
  1693 | D:2      | Identified a scroll of acquirement
  1694 | D:2      | Acquired 1062 gold pieces
  1708 | D:2      | Noticed Robin
  1719 | D:2      | Killed Robin
  1871 | D:2      | Reached XP level 5. HP: 40/40 MP: 7/7
  2476 | D:4      | Found a radiant altar of Vehumet.
  2485 | D:3      | Found a burning altar of Makhleb.
  2776 | D:3      | Found a snail-covered altar of Cheibriados.
  2986 | D:5      | Entered Level 5 of the Dungeon
  2994 | D:5      | Found a shimmering altar of Xom.
  3190 | D:4      | Found an ornate altar of the Wu Jian Council.
  3204 | D:4      | Became a worshipper of the Wu Jian Council
  3292 | D:4      | Found a staircase to the Ecumenical Temple.
  3313 | D:4      | HP: 2/41 [gnoll/+0 club[a gnoll bouda] (4)]
  3565 | D:3      | Reached XP level 6. HP: 36/47 MP: 8/8
  3778 | D:3      | Reached skill level 5 in Dodging
  4049 | D:4      | Found a stormy altar of Qazlal.
  4153 | D:4      | Reached XP level 7. HP: 48/52 MP: 10/10
  4309 | D:4      | Found a basalt altar of Yredelemnul.
  4579 | D:5      | Found Edaje's Magic Scroll Boutique.
  4581 | D:5      | Found an opulent altar of Gozag.
  4584 | D:5      | Bought a scroll of identify for 24 gold pieces
  4584 | D:5      | Bought a scroll of teleportation for 36 gold pieces
  4584 | D:5      | Bought a scroll of brand weapon for 114 gold pieces
  4584 | D:5      | Bought a scroll of enchant armour for 90 gold pieces
  4584 | D:5      | Bought a scroll of identify for 24 gold pieces
  4584 | D:5      | Bought a scroll of identify for 24 gold pieces
  4584 | D:5      | Bought a scroll of identify for 24 gold pieces
  5069 | D:6      | Reached * piety under Wu Jian
  5086 | D:6      | Reached XP level 8. HP: 60/60 MP: 12/12
  5114 | D:6      | Found a transporter.
  5114 | D:6      | Noticed grandjackal's ghost (amateur DsGl)
  5116 | D:6      | Noticed an unseen horror
  5129 | D:6      | Learned a level 2 spell: Searing Ray
  5412 | D:6      | Found a bloodstained altar of Trog.
  5431 | D:6      | Learned a level 1 spell: Sting
  5441 | D:6      | Found a glowing drain.
  5446 | Sewer    | Entered a sewer
  5954 | Sewer    | Reached skill level 5 in Short Blades
  5954 | Sewer    | Reached skill level 5 in Long Blades
  5954 | Sewer    | Reached skill level 5 in Axes
  5954 | Sewer    | Reached skill level 5 in Maces & Flails
  5954 | Sewer    | Reached skill level 5 in Polearms
  5954 | Sewer    | Reached skill level 5 in Staves
  5954 | Sewer    | Reached skill level 5 in Ranged Weapons
  5954 | Sewer    | Reached skill level 5 in Throwing
  5954 | Sewer    | Reached skill level 5 in Armour
  5954 | Sewer    | Reached skill level 5 in Stealth
  5954 | Sewer    | Reached skill level 5 in Shields
  5954 | Sewer    | Reached skill level 5 in Spellcasting
  5954 | Sewer    | Reached skill level 5 in Evocations
  5954 | Sewer    | Reached XP level 9. HP: 70/70 MP: 13/17
  5955 | Sewer    | Reached skill level 5 in Conjurations
  5955 | Sewer    | Reached skill level 5 in Hexes
  5955 | Sewer    | Reached skill level 5 in Summonings
  5955 | Sewer    | Reached skill level 5 in Necromancy
  5955 | Sewer    | Reached skill level 5 in Translocations
  5955 | Sewer    | Reached skill level 5 in Fire Magic
  5955 | Sewer    | Reached skill level 5 in Ice Magic
  5955 | Sewer    | Reached skill level 5 in Air Magic
  5955 | Sewer    | Reached skill level 5 in Earth Magic
  5955 | Sewer    | Reached skill level 5 in Alchemy
  5955 | Sewer    | Reached XP level 10. HP: 79/79 MP: 13/20
  6043 | D:6      | Learned a level 3 spell: Call Canine Familiar
  6047 | D:6      | Learned a level 3 spell: Tukima's Dance
  6682 | D:6      | Found a blossoming altar of Fedhas.
  6706 | D:6      | Found a transporter.
  7137 | D:7      | Reached ** piety under Wu Jian
  7467 | D:6      | You fall into a shaft and drop 1 floor!
  7539 | D:6      | Found a sacrificial altar of Ru.
  7539 | D:6      | Found an ancient bone altar of Kikubaaqudgha.
  8034 | D:6      | Found a sparkling altar of Nemelex Xobeh.
  8362 | D:6      | Reached XP level 11. HP: 84/84 MP: 21/21
  8861 | D:6      | Killed grandjackal's ghost
  9070 | D:6      | Reached *** piety under Wu Jian
  9232 | D:7      | Noticed Prince Ribbit
  9241 | D:7      | Killed Prince Ribbit
  9578 | D:7      | Noticed Maurice
  9627 | D:7      | Maurice stole a +0 buckler
  9635 | D:7      | Killed Maurice
  9811 | D:7      | Found an iron altar of Okawaru.
  9895 | D:8      | Found a transporter.
  9902 | D:8      | Found a transporter.
 10007 | D:8      | Found a hide-covered altar of Uskayaw.
 10052 | D:8      | Noticed Jeremiah
 10401 | D:8      | Killed Jeremiah
 10546 | D:8      | Noticed Psyche
 10552 | D:8      | Killed Psyche
 10776 | D:8      | Got the Compendium of Ensorcelling
 10781 | D:8      | Learned a level 3 spell: Dazzling Flash
 10784 | D:8      | Learned a level 2 spell: Ensorcelled Hibernation
 10824 | D:8      | Noticed Erica
 10909 | D:8      | Noticed Grum
 10917 | D:8      | Killed Grum
 11134 | D:8      | Found a staircase to the Lair.
 11217 | D:9      | Noticed a deep elf pyromancer
 11223 | D:8      | Killed a deep elf pyromancer
 11366 | D:9      | Reached skill level 10 in Unarmed Combat
 11543 | D:9      | Reached **** piety under Wu Jian
 11543 | D:9      | Noticed Erolcha
 11656 | D:8      | Found a hazy altar of Hepliaklqana.
 11722 | D:8      | Noticed Pikel
 11735 | D:8      | Killed Pikel
 11882 | D:8      | Killed Erica
 12144 | D:9      | Killed Erolcha
 12208 | D:9      | Identified the serpent talisman of Qazlal's Castigation
                  | {rElec rF+++ Will-}
 12230 | D:9      | Reached XP level 12. HP: 62/92 MP: 16/23
 12265 | D:8      | HP: 4/92 [killer bee (7)]
 12756 | D:9      | Found a staircase to the Orcish Mines.
 12874 | D:10     | Entered Level 10 of the Dungeon
 13598 | D:10     | Reached ***** piety under Wu Jian
 14128 | D:11     | Noticed a two-headed ogre
 14136 | D:11     | Killed a two-headed ogre
 14682 | D:11     | Learned a level 4 spell: Anguish
 14827 | D:11     | Noticed a centaur warrior
 14846 | D:11     | Killed a centaur warrior
 14847 | D:11     | Reached skill level 10 in Shapeshifting
 14951 | D:11     | Noticed a soul eater
 15722 | D:12     | Noticed a boulder beetle
 15867 | D:11     | Killed a boulder beetle
 15882 | D:12     | Found a shadowy altar of Dithmenos.
 16528 | D:12     | Learned a level 3 spell: Confusing Touch
 16574 | D:12     | Reached XP level 13. HP: 58/90 MP: 25/25
 16936 | Lair:1   | Entered Level 1 of the Lair of Beasts
 17297 | Lair:1   | Noticed Amaemon
 17350 | D:8      | HP: 3/93 [constriction (5)]
 17352 | D:8      | Killed Amaemon
 17860 | Lair:1   | Found a transporter.
 17860 | Lair:1   | Found a transporter.
 17861 | Lair:1   | Noticed Qunnilesm's ghost (journeyman DgDe)
 18114 | Lair:1   | Killed from afar by an oklob plant

Illustrated notes

Levels and vault maps discovered:
D:1:      matt_arrival_spirals, layout_loops_corners,
          hellmonk_ecumenical_altar_leap_of_faith, minmay_close_crescents
D:2:      layout_basic, uniq_terence, uniq_crazy_yiuf_cottage, uniq_jessica,
          uniq_robin
D:3:      layout_loops_ring, marbit_many_paths, mainiacjoe_overflow_boulevard,
          kennysheep_generic_room_4
D:4:      layout_loops_ring, mainiacjoe_overflow_alcove_1,
          nicolae_wu_jian_immortal_techniques, old_standard_altar,
          nicolae_vehumet_radiance, minmay_temple_entry_ruins
D:5:      layout_cave_pods, xom_butterflies, mainiacjoe_overflow_catwalk,
          serial_shops, shop
D:6:      kennysheep_housing_project, layout_cave_pods, fedhas_ov_isle_minmay,
          nemelex_diamond_rough_becter, trog_ov_bears_minmay,
          gammafunk_temple_overflow_statue,
          mainiacjoe_sewer_entry_somewhere_in_here_1, gammafunk_ghost_arena
D:7:      layout_cave_pods, hellmonk_okawaru_the_only_friend_you_need,
          mainiacjoe_ossuary_entry_dusty_tomb, uniq_prince_ribbit1, uniq_maurice
D:8:      gammafunk_steamed_eel, layout_loops_ring,
          nicolae_overflow_crystal_walls, kennysheep_little_box,
          lair_entry_dummy, uniq_erica, uniq_jeremiah, uniq_pikel, uniq_psyche,
          uniq_grum
D:9:      layout_cave_pools, david_orc_4, serial_bayou_ford_a,
          serial_park_tiny_2, feat_on_display, uniq_erolcha
D:10:     layout_long_grid
D:11:     layout_basic
D:12:     lemuel_vampire_tower, layout_loops_ring, gauntlet_entry_generic,
          nicolae_dithmenos_shadow_blocks
D:13:     layout_loops_corners, kennysheep_just_a_vault
Lair:1:   minmay_lair_oklob_chamber, layout_small_grid, gammafunk_ghost_hive,
          wad_woods_06, uniq_amaemon
Lair:2:   layout_roguey

Skill      XL: |  1  2  3  4  5  6  7  8  9 10 11 12 13 |
---------------+----------------------------------------+-----
Invocations    | 1 2 3 6 7 8 9 |  9.5
Short Blades   | 1 2 3 5 6 7 8 |  8.7
Long Blades    | 1 2 3 5 6 7 8 |  8.7
Axes           | 1 2 3 5 6 7 8 |  8.7
Maces & Flails | 1 2 3 5 6 7 8 |  8.7
Polearms       | 1 2 3 5 6 7 8 |  8.7
Staves         | 1 2 3 5 6 7 8 |  8.7
Ranged Weapons | 1 2 3 5 6 7 8 |  8.7
Throwing       | 1 2 3 5 6 7 8 |  8.7
Armour         | 1 2 3 5 6 7 8 |  8.7
Stealth        | 1 2 3 5 6 7 8 |  8.7
Shields        | 1 2 3 5 6 7 8 |  8.7
Spellcasting   | 1 2 3 5 6 7 8 |  8.7
Evocations     | 1 2 3 5 6 7 8 |  8.7
Conjurations   | 1 2 4 5 6 7 |  7.2
Hexes          | 1 2 4 5 6 7 |  7.2
Summonings     | 1 2 4 5 6 7 |  7.2
Necromancy     | 1 2 4 5 6 7 |  7.2
Translocations | 1 2 4 5 6 7 |  7.2
Fire Magic     | 1 2 4 5 6 7 |  7.2
Ice Magic      | 1 2 4 5 6 7 |  7.2
Air Magic      | 1 2 4 5 6 7 |  7.2
Earth Magic    | 1 2 4 5 6 7 |  7.2
Alchemy        | 1 2 4 5 6 7 |  7.2
Fighting       | 3 4 6 7 8 9 |  9.1
Dodging        | 5 7 8 9 |  9.9
Unarmed Combat | 7 8 9 10 | 10.9
Shapeshifting  | 7 8 9 10 | 10.3

Action                     |  1- 3 |  4- 6 |  7- 9 | 10-12 | 13-15 || total
---------------------------+-------+-------+-------+-------+-------++-------
  Melee: Unarmed           |    16 |    46 |   188 |   992 |   134 ||  1376
         Dagger            |    32 |   121 |       |       |       ||   153
         Punch             |     2 |     9 |       |       |       ||    11
         Bite              |     5 |    13 |    21 |   156 |    17 ||   212
   Cast: Sting             |       |       |     4 |     6 |       ||    10
         Searing Ray       |       |       |     2 |     4 |       ||     6
         Call Canine Famil |       |       |       |    31 |     3 ||    34
         Dazzling Flash    |       |       |       |    10 |     1 ||    11
         Ensorcelled Hiber |       |       |       |     1 |       ||     1
         Tukima's Dance    |       |       |       |     1 |       ||     1
         Anguish           |       |       |       |       |     1 ||     1
 Invoke: Serpent's Lash    |       |       |       |       |     1 ||     1
Ability: Lunge             |       |     6 |    12 |    57 |     6 ||    81
         Whirlwind         |       |       |     5 |    91 |    11 ||   107
         Wall Jump         |       |       |       |    63 |    17 ||    80
  Evoke: Wand              |       |       |     2 |     3 |     2 ||     7
    Use: Scroll            |       |     8 |     6 |    11 |       ||    25
         Potion            |       |       |     2 |     2 |     5 ||     9
   Stab: Sleeping          |     1 |       |       |     1 |     1 ||     3
         Distracted        |       |       |       |     1 |       ||     1
         Invisible         |       |       |       |    15 |     3 ||    18
 Armour: Animal skin       |    13 |       |       |       |       ||    13
         Scale mail        |       |   121 |       |       |       ||   121
         Skin              |       |    12 |    54 |   372 |    77 ||   515
  Dodge: Dodged            |    22 |    88 |   129 |   956 |   135 ||  1330
   Form: Flux              |       |     1 |       |       |       ||     1

Table legend: (Time is in decaauts)
 A = Elapsed time spent in this place.
 B = Non-inter-level travel time spent in this place.
 C = Inter-level travel time spent in this place.
 D = Time resting spent in this place.
 E = Time spent auto-exploring this place.
 F = Levels seen in this place.
 G = Mean time per level.
                   A        B        C        D        E       F      G
               +--------+--------+--------+--------+--------+-----+--------+
         Total |  18186 |  17792 |    394 |   3704 |   8979 |  16 | 1136.6 |
       Dungeon |  17091 |  16697 |    394 |   3668 |   8402 |  13 | 1314.7 |
          Lair |    470 |    470 |      0 |     36 |    197 |   2 |  235.0 |
         Sewer |    625 |    625 |      0 |      0 |    380 |   1 |  625.0 |
               +--------+--------+--------+--------+--------+-----+--------+

Top non-repeatable levels by time:
     D:8: 2710 daAuts
     D:6: 2545 daAuts
    D:11: 2085 daAuts
     D:7: 1644 daAuts
     D:3: 1392 daAuts
     D:1: 1176 daAuts
     D:9: 1153 daAuts
     D:4: 1109 daAuts
     D:2: 939 daAuts
     D:5: 910 daAuts
    D:10: 728 daAuts
    D:12: 683 daAuts
   Sewer: 625 daAuts
  Lair:1: 444 daAuts
  Lair:2: 25 daAuts
